 Dungeon Crawl Stone Soup version 0.28-a0-724-g66f9036eb4 (webtiles) character file.

Game seed: 4418173848652518024

0 meatgazer the Skirmisher (level 1, -1/18 HPs)
             Began as a Demonspawn Abyssal Knight on Oct 26, 2021.
             Was a Follower of Lugonu.
             Slain by a shard shrike simulacrum (8 damage)
             ... on level 2 of the Abyss.
             The game lasted 00:00:54 (177 turns).

meatgazer the Skirmisher (Demonspawn Abyssal Knight) Turns: 177, Time: 00:00:55

Health: -1/18      AC:  3    Str: 13    XL:     1   Next: 0%
Magic:  2/2        EV: 11    Int: 11    God:    Lugonu [*.....]
Gold:   0          SH:  0    Dex: 13    Spells: 0/0 levels left

rFire   . . .      SeeInvis .   a - +1 spear
rCold   . . .      Faith    .   (no shield)
rNeg    . . .      Spirit   .   b - +0 leather armour
rPois   .          Reflect  .   (no helmet)
rElec   .          Harm     .   (no cloak)
rCorr   .          Rampage  .   (no gloves)
Will    .....                   (no boots)
Stlth   +.........              (no amulet)
HPRegen 0.00/turn               (no ring)
MPRegen 0.08/turn               (no ring)

@: sick
A: no striking features
a: Renounce Religion, Depart the Abyss


You were on level 2 of the Abyss.
You worshipped Lugonu.
Lugonu was aware of your devotion.
You visited 0 branches of the dungeon, and saw 0 of its levels.
You visited the Abyss 1 time.

Inventory:

Hand Weapons
 a - a +1 spear (weapon)
Armour
 b - a +0 leather armour (worn)
 c - the +2 ring mail of Instinct {Dex+4}
   (You found it on level 2 of the Abyss)

   Dex:       It affects your dexterity (+4).


   Skills:
 + Level 3.0 Fighting
 + Level 1.7 Polearms
 + Level 1.7 Armour
 + Level 0.8 Dodging
 + Level 2.4 Invocations


You couldn't memorise any spells.
You didn't know any spells.
Your spell library was empty.

Dungeon Overview and Level Annotations

Branches:
Dungeon (0/15)

Altars:


Message History

You plunge deeper into the Abyss.
Found a quarterstaff.
An ancient zyme emerges from chaos.
You feel yourself growing ill in the presence of the ancient zyme.
You feel ill.
You feel ill.
Found a scroll labelled RORIGH PYICWIH.
You feel ill.
You see here a scroll labelled RORIGH PYICWIH.
c - a scroll labelled RORIGH PYICWIH
As you read the scroll labelled RORIGH PYICWIH, it crumbles to dust.
You feel strangely unstable.
You feel the power of the Abyss delaying your translocation!
It was a scroll of teleportation.
The ancient zyme hits you!
Ouch! That really hurt!
The ancient zyme closely misses you.
You feel ill. The ancient zyme misses you. The ancient zyme barely misses you.
Found a glowing broad axe.
Found a ring mail and a scroll of teleportation.
A tentacled starspawn comes into view.
A tentacle flies out from the starspawn's body!
A starspawn tentacle comes into view.
Tentacles burst from the starspawn's body! 2 starspawn tentacles come into view.
You are suddenly pulled into a different region of the Abyss!
A starcursed mass comes into view.
Found a faintly humming ring mail.
You see here the +2 ring mail of Instinct {Dex+4}.
c - the +2 ring mail of Instinct {Dex+4} A tentacled starspawn comes into view.
Tentacles burst from the starspawn's body! 2 starspawn tentacles come into view.
The raiju barks!
The white imp shouts!
The white imp shouts, "Bolt, thou dankish doghearted fleecer!"
The white imp gestures at you. The puff of frost misses you.
A shard shrike simulacrum comes into view.
The white imp grinds its teeth.
The shard shrike simulacrum claws you!
You die...

## #. ##.####.#
#..#...# #...#
.# #@.##.#
##Z#..#
#5#.#..#.
###..##..# #
.#.5..### ####
#....#..#
#.......###.....
##.#.§h## #.....
#....§.# ..###


You could see 2 white imps and a shard shrike simulacrum.

Vanquished Creatures (others)
  6 starspawn tentacles (Abyss:2)
6 creatures vanquished.

Notes
Turn   | Place    | Note
-------+----------+-------------------------------------------
     0 | Abyss:1  | meatgazer the Demonspawn Abyssal Knight began the quest for
                  | the Orb.
     0 | Abyss:1  | Reached XP level 1. HP: 18/18 MP: 2/2
     2 | Abyss:1  | Found a corrupted altar of Lugonu.
    31 | Abyss:2  | Noticed an ancient zyme
    66 | Abyss:2  | Noticed a tentacled starspawn
   109 | Abyss:2  | Noticed a starcursed mass
   131 | Abyss:2  | Identified the +2 ring mail of Instinct {Dex+4}
   151 | Abyss:2  | Noticed a tentacled starspawn
   173 | Abyss:2  | Noticed a raiju
   175 | Abyss:2  | Noticed a shard shrike simulacrum
   177 | Abyss:2  | Slain by a shard shrike simulacrum

Illustrated notes

Levels and vault maps discovered:
Abyss:2:  base: Temple, hangedman_abyss_or_decor_slice,
          bh_abyss_xom_lugonu_altar, hangedman_abyss_overflow_altar

Action                   || total
-------------------------++-------
  Use: Scroll            ||     1
Dodge: Dodged            ||     4

Table legend: (Time is in decaauts)
 A = Elapsed time spent in this place.
 B = Non-inter-level travel time spent in this place.
 C = Inter-level travel time spent in this place.
 D = Time resting spent in this place.
 E = Time spent auto-exploring this place.
 F = Levels seen in this place.
 G = Mean time per level.
                   A        B        C        D        E       F      G
               +--------+--------+--------+--------+--------+-----+--------+
         Total |    176 |    176 |      0 |      0 |     58 |   2 |   88.0 |
         Abyss |    176 |    176 |      0 |      0 |     58 |   2 |   88.0 |
               +--------+--------+--------+--------+--------+-----+--------+

Top non-repeatable levels by time:
 Abyss:2: 158 daAuts
 Abyss:1: 18 daAuts
